 Dungeon Crawl Stone Soup version 0.20.1-1-g8b1a95d66d (webtiles) character file.

45 Jynx the Insei (level 3, -1/27 HPs)
             Began as a Merfolk Transmuter on Jan 2, 2018.
             Slain by an adder (3 damage)
             ... on level 2 of the Dungeon.
             The game lasted 00:02:12 (1615 turns).

Jynx the Insei (Merfolk Transmuter)                 Turns: 1615, Time: 00:02:13

Health: -1/27      AC:  3    Str: 10    XL:     3   Next: 64%
Magic:  6/6        EV: 13    Int: 12    God:
Gold:   90         SH:  0    Dex: 15    Spells: 1/7 levels left

rFire    . . .     SeeInvis .     - Unarmed
rCold    . . .     Gourm    .   (no shield)
rNeg     . . .     Faith    .   b - +0 robe
rPois    .         Spirit   .   (no helmet)
rElec    .         Reflect  .   (no cloak)
rCorr    .         Harm     .   i - +0 pair of gloves
MR       .....                  (no boots)
Stlth    +.........             (no amulet)
Regen    0.1/turn               (no ring)
MPRegen  0.1/turn               (no ring)

@: lethally poisoned (-1 -> -6), appendage (expiring)
A: change form in water, swift swim, stealthy swim, horns 2
a: End Transformation


You were on level 2 of the Dungeon.
You were not hungry.
You had grown temporary horns.
You visited 1 branch of the dungeon, and saw 2 of its levels.

You collected 90 gold pieces.

Inventory:

Missiles
 a - 37 arrows
Armour
 b - a +0 robe (worn)
 i - a +0 pair of gloves (worn)
Jewellery
 e - a +3 ring of evasion {unknown}
Wands
 g - a wand of enslavement (7/24)
Scrolls
 h - a scroll of fog {unknown}
Books
 c - a book of Changes

   Spells                             Type                      Level
   a - Beastly Appendage              Transmutation                1
   b - Sticks to Snakes               Transmutation                2
   c - Spider Form                    Transmutation/Poison         3
   d - Ice Form                       Ice/Transmutation            4
   e - Blade Hands                    Transmutation                5
Comestibles
 d - a bread ration
 f - 4 fruits


   Skills:
 + Level 2.1 Fighting
 - Level 2.6 Dodging
 - Level 3.6 Unarmed Combat
 + Level 2.5 Spellcasting
 * Level 3.4 Transmutations
 + Level 0.2 Poison Magic


You had one spell level left.
You knew the following spells:

 Your Spells              Type           Power        Failure   Level  Hunger
a - Beastly Appendage     Tmut           #.....       6%          1    #......
b - Sticks to Snakes      Tmut           #.......     10%         2    ###....
c - Spider Form           Tmut/Pois      #.........   36%         3    ###....


Dungeon Overview and Level Annotations

Branches:
Dungeon (2/15)

Altars:
Hepliaklqana


Innate Abilities, Weirdness & Mutations

You revert to your normal form in water.
You are very nimble and swift while swimming.
You are very stealthy in the water. (Stealth+)
You have a pair of horns on your head.


Message History

The adder is heavily wounded.
The adder barely misses you.
You hit the adder but do no damage.
The adder is heavily wounded.
* * * LOW HITPOINT WARNING * * *
You feel sick. The adder bites you.
* * * LOW HITPOINT WARNING * * *
The adder barely misses you.
You closely miss the adder.
The adder is heavily wounded.
* * * LOW HITPOINT WARNING * * *
You feel sick. The adder closely misses you.
You completely miss the adder. Your headbutt misses the adder.
The adder is heavily wounded.
The adder completely misses you.
You hit the adder.
The adder is almost dead.
* * * LOW HITPOINT WARNING * * *
You feel sick. The adder bites you.
You die...

#..# #.#
#####.### #.#
#..)....# #.#
##.......# #..
#........#####.
#..............
##
###........####..
#...##..........#
#....S@##.......#
#################


You could see an adder.

Vanquished Creatures
  An adder (D:1)
  2 leopard geckos
  3 giant cockroaches
  5 goblins
  5 hobgoblins
  2 ball pythons (D:1)
  7 bats
  2 frilled lizards
  2 kobolds (D:1)
  3 rats
32 creatures vanquished.

Notes
Turn   | Place    | Note
-------+----------+-------------------------------------------
     0 | D:1      | Jynx the Merfolk Transmuter began the quest for the Orb.
     0 | D:1      | Reached XP level 1. HP: 15/15 MP: 3/3
   263 | D:1      | Reached XP level 2. HP: 7/21 MP: 5/5
   465 | D:1      | Learned a level 2 spell: Sticks to Snakes
  1108 | D:1      | Reached XP level 3. HP: 27/27 MP: 4/6
  1123 | D:1      | Learned a level 3 spell: Spider Form
  1252 | D:2      | Found a hazy altar of Hepliaklqana.
  1615 | D:2      | Slain by an adder

Skill      XL: |  1  2  3 |
---------------+----------+-----
Transmutations | 3 |  3.4
Fighting       | 2 |  2.1
Dodging        | |  2.6
Unarmed Combat | |  3.6
Spellcasting   | |  2.5
Poison Magic   | |  0.2

Action                   || total
-------------------------++-------
Melee: Unarmed           ||   117
       Headbutt          ||    13
       Punch             ||     3
 Cast: Beastly Appendage ||    24
 Stab: Sleeping          ||     1
  Eat: Chunk             ||     3
Armor: Robe              ||    25
Dodge: Dodged            ||    95
